 Dungeon Crawl Stone Soup version 0.23.2-1-ga50397a (webtiles) character file.

Game seed: 17444537571431794123

210 shadizar the Skirmisher (level 5, -2/34 HPs)
             Began as a Gargoyle Wanderer on May 12, 2019.
             Slain by a gnoll (3 damage)
             ... on level 5 of the Dungeon.
             The game lasted 00:05:53 (2335 turns).

shadizar the Skirmisher (Gargoyle Wanderer)         Turns: 2335, Time: 00:05:54

Health: -2/34      AC:  7    Str: 15    XL:     5   Next: 87%
Magic:  5/5        EV: 12    Int: 13    God:
Gold:   135        SH:  0    Dex: 10    Spells: 4/4 levels left

rFire    . . .     SeeInvis .   m - +0 mace (crush)
rCold    . . .     Gourm    .   (no shield)
rNeg     + . .     Faith    .   d - +0 robe
rPois    ∞         Spirit   .   n - +0 helmet
rElec    +         Reflect  .   (no cloak)
rCorr    .         Harm     .   (no gloves)
MR       .....                  (no boots)
Stlth    ..........             (no amulet)
HPRegen  0.11/turn              h - ring of attention (curse)
MPRegen  0.09/turn              (no ring)

@: glowing
A: negative energy resistance 1, electricity resistance, unbreathing,
petrification resistance, rot immunity, AC +4
a: no special abilities


You were on level 5 of the Dungeon.
You were not hungry.

You visited 1 branch of the dungeon, and saw 5 of its levels.

You collected 135 gold pieces.

Inventory:

Hand Weapons
 a - a +2 hand crossbow
 m - a +0 mace of crushing (weapon)
Armour
 d - a +0 robe (worn)
 n - a +0 helmet (worn)
 v - a +0 chain mail
Jewellery
 h - a cursed ring of attention (left hand)
Wands
 u - a wand of scattershot (4)
Scrolls
 e - a scroll of blinking {unknown}
 i - 3 scrolls of teleportation {unknown}
 k - a scroll of immolation {unknown}
 l - 4 scrolls of remove curse {unknown}
 o - a scroll of noise {unknown}
 q - 2 scrolls of amnesia {unknown}
 s - 2 scrolls of identify {unknown}
 x - a scroll of random uselessness {unknown}
Potions
 c - 4 potions of curing
 g - a potion of agility {unknown}
 j - a potion of ambrosia {unknown}
 p - a potion of berserk rage {unknown}
 t - a potion of degeneration {unknown}
 w - 2 potions of heal wounds {unknown}
 z - a potion of flight {unknown}
 A - a potion of lignification {unknown}
Comestibles
 f - 6 rations
 r - 2 chunks of flesh


   Skills:
 * Level 4.9 Fighting
   Level 1.7 Short Blades
 + Level 1.2 Maces & Flails
 + Level 3.7 Crossbows
 + Level 2.2 Armour
 + Level 1.6 Dodging
   Level 2.1 Shields


You had 4 spell levels left.
You didn't know any spells.
Your spell library contained the following spells:

 Spells                   Type           Power        Failure   Level  Hunger
 Corona                   Hex            #......      30%         1    ##.....
 Magic Dart               Conj           #...         30%         1    ##.....
 Ensorcelled Hibernation  Hex/Ice        #.....       43%         2    ###....
 Confuse                  Hex            #.......     67%         3    ####...
 Dazzling Spray           Conj/Hex       #.....       67%         3    ####...
 Tukima's Dance           Hex            #.......     67%         3    ####...


Dungeon Overview and Level Annotations

Branches:
Dungeon (5/15)
 Temple: D:4-7

Altars:
Kikubaaqudgha
Sif Muna
Vehumet

Shops:
D:4 [


Innate Abilities, Weirdness & Mutations

You are resistant to torment.
Your stone body is resilient. (AC +4)
You are immune to poison.
You resist negative energy. (rN+)
You are resistant to electric shocks. (rElec)
You can survive without breathing.
You are immune to petrification.
You are immune to rotting.


Message History

Aim: a gnoll (severely wounded)
Okay, then.
m - a +0 mace of crushing (weapon)
The gnoll hits you from afar with a +0 spear.
* * * LOW HITPOINT WARNING * * *
The gnoll hits you but does no damage.
There is a stone staircase leading down here.
The gnoll hits you.
* * * LOW HITPOINT WARNING * * *
The gnoll hits you but does no damage. The gnoll completely misses you.
You climb downwards.
There is a stone staircase leading up here.
Unknown command.
You closely miss the gnoll.
The gnoll is severely wounded.
The gnoll closely misses you. The gnoll hits you but does no damage.
You hit the gnoll but do no damage.
The gnoll is severely wounded.
The gnoll hits you.
You die...

#.#
#.#
#.#
#.#
#.#
#.#
#g#
#@#
###


You could see a gnoll.

Vanquished Creatures
  A gnoll shaman (D:4)
  Jessica (D:2)
  Ijyb (D:3)
  Robin (D:2)
  3 adders (D:3)
  A gnoll (D:4)
  A worm (D:2)
  A dart slug (D:2)
  4 leopard geckos
  6 orcs
  2 ball pythons
  5 bats
  3 giant cockroaches
  9 goblins
  14 hobgoblins
  6 kobolds
  A quokka (D:2)
  A frilled lizard (D:2)
  6 rats
67 creatures vanquished.

Notes
Turn   | Place    | Note
-------+----------+-------------------------------------------
     0 | D:1      | shadizar the Gargoyle Wanderer began the quest for the Orb.
     0 | D:1      | shadizar set off with the following items: a +2 hand
                  | crossbow, 30 bolts, 2 potions of curing, a +0 robe, a
                  | ration
     0 | D:1      | Reached XP level 1. HP: 14/14 MP: 1/1
   143 | D:1      | Reached XP level 2. HP: 19/19 MP: 2/2
   550 | D:2      | Noticed Robin
   551 | D:2      | Reached skill level 1 in Armour
   557 | D:2      | Reached XP level 3. HP: 22/24 MP: 3/3
   569 | D:2      | Killed Robin
   569 | D:2      | Reached skill level 4 in Fighting
   570 | D:2      | Reached skill level 1 in Dodging
   839 | D:2      | Reached XP level 4. HP: 27/29 MP: 4/4
  1202 | D:2      | Noticed Jessica
  1212 | D:2      | Killed Jessica
  1539 | D:3      | Found an ancient bone altar of Kikubaaqudgha.
  1675 | D:3      | Reached XP level 5. HP: 30/34 MP: 5/5
  1793 | D:3      | Noticed Ijyb
  1801 | D:3      | Killed Ijyb
  1940 | D:3      | Reached skill level 1 in Maces & Flails
  2110 | D:3      | Found a deep blue altar of Sif Muna.
  2112 | D:3      | Found a radiant altar of Vehumet.
  2115 | D:3      | Identified Vehumet's Tome of Confrontation
  2135 | D:4      | Noticed an ogre
  2308 | D:4      | Found Asiep's Antique Armour Shoppe.
  2332 | D:4      | HP: 1/34 [gnoll (3)]
  2333 | D:5      | Entered Level 5 of the Dungeon
  2335 | D:5      | Slain by a gnoll

Skill      XL: |  1  2  3  4  5 |
---------------+----------------+-----
Armour         | 1 2 |  2.2
Fighting       | 4 |  4.9
Dodging        | 1 |  1.6
Maces & Flails | 1 |  1.2
Short Blades   | |  1.7
Crossbows      | |  3.7
Shields        | |  2.1

Action                   |  1- 3 |  4- 6 || total
-------------------------+-------+-------++-------
Melee: Mace              |       |     2 ||     2
 Fire: Hand crossbow     |    74 |   123 ||   197
  Eat: Chunk             |       |     4 ||     4
Armor: Robe              |     5 |    40 ||    45
Dodge: Dodged            |    15 |    40 ||    55
